AoeStats
← cocs.bluntt

Migration

509825882Analyzed
1v1 RM · 3d ago on Sep 28, 2026· 32m 55s· 2 players
Game mode
Random Map
Map size
132×132
Population
200
Speed
Normal
Resources
Standard
Victory
Conquest
Starting age
Dark Age
Ending age
Imperial Age
RankedLock teamsTeams togetherTeam positionsShared explorationLock speedFull tech treeHidden civsTurbo modeCheats
Victory
Defeat
🇲🇽 Mongols · Mexico
590
+17
🇬🇧 Spanish · United Kingdom
607
-17
cocs.bluntt
11:15 Feudal Age
9:31 Loom
13:06 Double-Bit Axe
16:24 Castle Age
21:29 Wheelbarrow
21:11 Bow Saw
21:02 Fishing Lines
22:31 Town Watch
27:06 Murder Holes
27:06 Fletching
28:30 Medium Warships
29:56 Gillnets
36:05 Imperial Age
xlxl
7:18 Loom
11:17 Feudal Age
19:19 Castle Age
26:57 Fletching
31:05 Bodkin Arrow
Connection lost

Rejoining the realm…

Still unreachable

The connection could not be restored.

Session expired

The server has moved on; the page needs a fresh start.